| TOP OF THE 1ST |
|
Milwaukee Brewers batting - Pitching for Pittsburgh Pirates : LHP Ben Brown
|
|
Pitching: LHP Ben Brown
|
|
|
Batting: RHB Jorge Gutiérrez
|
0-0: Ball 1-0: Ball 2-0: Ball 3-0: Called Strike 3-1: Base on Balls
|
|
Batting: RHB Steve Sanders
|
0-0: Ball Jorge Gutiérrez steals 2nd base (no throw) 1-0: Fly out, F8 (Flyball, 89M, EV 86.3 MPH) Runner from 2nd tags up, SAFE at 3rd with throw by CF
|
|
Batting: RHB Jim Smith
|
0-0: Foul Ball, location: 25FF 0-1: Foul Ball, location: 9LMF 0-2: Foul Ball, location: 9LDF 0-2: Ground out 4-3 (Groundball, 6MD, EV 86.3 MPH) Jorge Gutiérrez scores
|
|
Batting: RHB Kevin Thompson
|
0-0: Called Strike 0-1: Ball 1-1: Swinging Strike 1-2: Ball 2-2: Strikes out swinging
|
| Top of the 1st over - 1 run, 0 hits, 0 errors, 0 left on base; Milwaukee 1 - Pittsburgh 0 |
| BOTTOM OF THE 1ST |
|
Pittsburgh Pirates batting - Pitching for Milwaukee Brewers : RHP Jose Berrios
|
|
Pitching: RHP Jose Berrios
|
|
|
Batting: RHB Pat Miller
|
0-0: Ball 1-0: Foul Ball, location: 2F 1-1: Ball 2-1: Foul Ball, location: 2F 2-2: Foul Ball, location: 9LMF 2-2: Ground out 6-3 (Groundball, 56D, EV 94.4 MPH)
|
|
Batting: RHB Chris Riley
|
0-0: Foul Ball, location: 9LDF 0-1: Ground out 4-3 (Groundball, 4S, EV 88.8 MPH)
|
|
Batting: RHB Mauro Rodríguez
|
0-0: Called Strike 0-1: Ball 1-1: Called Strike 1-2: Foul Ball, location: 23F 1-2: Ball 2-2: DOUBLE (Line Drive, 89XD, EV 109.4 MPH)
|
|
Batting: LHB Brad McBride
|
0-0: Fly out, F6 (Popup, 6, EV 66.3 MPH)
|
| Bottom of the 1st over - 0 runs, 1 hit, 0 errors, 1 left on base; Milwaukee 1 - Pittsburgh 0 |
| TOP OF THE 2ND |
|
Milwaukee Brewers batting - Pitching for Pittsburgh Pirates : LHP Ben Brown
|
|
Batting: LHB Billy Wood
|
0-0: Swinging Strike 0-1: Ball 1-1: Ball 2-1: Called Strike 2-2: Strikes out swinging
|
|
Batting: RHB Dave Thomas
|
0-0: Called Strike 0-1: DOUBLE (Line Drive, 9LD, EV 110.0 MPH) - OUT at third base trying to stretch hit.
|
|
Batting: RHB Tim Campbell
|
0-0: Ball 1-0: Fly out, F3 (Popup, 3SF, EV 81.9 MPH)
|
| Top of the 2nd over - 0 runs, 1 hit, 0 errors, 0 left on base; Milwaukee 1 - Pittsburgh 0 |
| BOTTOM OF THE 2ND |
|
Pittsburgh Pirates batting - Pitching for Milwaukee Brewers : RHP Jose Berrios
|
|
Batting: RHB Yasiel Puig
|
0-0: Foul Ball, location: 3F 0-1: Swinging Strike 0-2: Strikes out swinging
|
|
Batting: SHB Juan Reyes
|
0-0: Called Strike 0-1: Called Strike 0-2: Strikes out swinging
|
|
Batting: SHB Blake Swihart
|
0-0: Called Strike 0-1: Called Strike 0-2: Strikes out looking
|
| Bottom of the 2nd over - 0 runs, 0 hits, 0 errors, 0 left on base; Milwaukee 1 - Pittsburgh 0 |
| TOP OF THE 3RD |
|
Milwaukee Brewers batting - Pitching for Pittsburgh Pirates : LHP Ben Brown
|
|
Batting: LHB Reese McGuire
|
0-0: Called Strike 0-1: Ball 1-1: Ball 2-1: Foul Ball, location: 3F 2-2: Foul Ball, location: 9LMF 2-2: Ball 3-2: Strikes out looking
|
|
Batting: RHB Christian Arroyo
|
0-0: Foul Ball, location: 2F 0-1: Swinging Strike 0-2: Ball 1-2: Ball 2-2: Strikes out looking
|
|
Batting: RHB Jorge Gutiérrez
|
0-0: Ball 1-0: Ground out 5-3 (Groundball, 5, EV 99.4 MPH)
|
| Top of the 3rd over - 0 runs, 0 hits, 0 errors, 0 left on base; Milwaukee 1 - Pittsburgh 0 |
| BOTTOM OF THE 3RD |
|
Pittsburgh Pirates batting - Pitching for Milwaukee Brewers : RHP Jose Berrios
|
|
Batting: LHB Ronal Reynoso
|
0-0: Called Strike 0-1: Foul Ball, location: 2F 0-2: Ball 1-2: Ball 2-2: Foul Ball, location: 9LMF 2-2: Ball 3-2: Fly out, F9 (Flyball, 89M, EV 76.9 MPH)
|
|
Batting: SHB Jeremy Bowen
|
0-0: Foul Ball, location: 25F 0-1: Ground out 6-3 (Groundball, P, EV 80.0 MPH)
|
|
Batting: RHB Pat Miller
|
0-0: Foul Ball, location: 9LSF 0-1: Ball 1-1: Fly out, F7 (Line Drive, 7D, EV 103.8 MPH)
|
| Bottom of the 3rd over - 0 runs, 0 hits, 0 errors, 0 left on base; Milwaukee 1 - Pittsburgh 0 |
| TOP OF THE 4TH |
|
Milwaukee Brewers batting - Pitching for Pittsburgh Pirates : LHP Ben Brown
|
|
Batting: RHB Steve Sanders
|
0-0: Called Strike 0-1: Ground out 5-3 (Groundball, 56, EV 85.6 MPH)
|
|
Batting: RHB Jim Smith
|
0-0: Ball 1-0: Foul Ball, location: 9LSF 1-1: Ball 2-1: Foul Ball, location: 9LSF 2-2: Ball 3-2: Foul Ball, location: 7LSFF 3-2: Ground out 5-3 (Groundball, 56S, EV 91.3 MPH)
|
|
Batting: RHB Kevin Thompson
|
0-0: Called Strike 0-1: Ball 1-1: Ball 2-1: Fly out, F9 (Line Drive, 9S, EV 88.8 MPH)
|
| Top of the 4th over - 0 runs, 0 hits, 0 errors, 0 left on base; Milwaukee 1 - Pittsburgh 0 |
| BOTTOM OF THE 4TH |
|
Pittsburgh Pirates batting - Pitching for Milwaukee Brewers : RHP Jose Berrios
|
|
Batting: RHB Chris Riley
|
0-0: Ball 1-0: Ground out 1-3 (Groundball, 15, EV 62.5 MPH)
|
|
Batting: RHB Mauro Rodríguez
|
0-0: SINGLE (Groundball, 6, EV 100.6 MPH)
|
|
Batting: LHB Brad McBride
|
0-0: Called Strike 0-1: Swinging Strike 0-2: Strikes out swinging
|
|
Batting: RHB Yasiel Puig
|
0-0: Foul Ball, location: 2F 0-1: Ball 1-1: Ball 2-1: Fly out, F8 (Flyball, 8LXD, EV 87.5 MPH)
|
| Bottom of the 4th over - 0 runs, 1 hit, 0 errors, 1 left on base; Milwaukee 1 - Pittsburgh 0 |
| TOP OF THE 5TH |
|
Milwaukee Brewers batting - Pitching for Pittsburgh Pirates : LHP Ben Brown
|
|
Batting: LHB Billy Wood
|
0-0: Ball 1-0: Called Strike 1-1: Fly out, F8 (Flyball, 8RD, EV 108.8 MPH)
|
|
Batting: RHB Dave Thomas
|
0-0: Called Strike 0-1: SINGLE (Groundball, 4MD, EV 95.0 MPH)
|
|
Batting: RHB Tim Campbell
|
0-0: Foul Ball, location: 7LSF 0-1: Swinging Strike 0-2: Ball 1-2: Strikes out swinging
|
|
Batting: LHB Reese McGuire
|
0-0: Ball 1-0: Called Strike 1-1: Ball 2-1: Foul Ball, location: 2F 2-2: Strikes out looking
|
| Top of the 5th over - 0 runs, 1 hit, 0 errors, 1 left on base; Milwaukee 1 - Pittsburgh 0 |
| BOTTOM OF THE 5TH |
|
Pittsburgh Pirates batting - Pitching for Milwaukee Brewers : RHP Jose Berrios
|
|
Batting: SHB Juan Reyes
|
0-0: Called Strike 0-1: Ball 1-1: Foul Ball, location: 23FF 1-2: Fly out, F8 (Flyball, 8RXD, EV 101.3 MPH)
|
|
Batting: SHB Blake Swihart
|
0-0: Ball 1-0: Called Strike 1-1: Ball 2-1: Called Strike 2-2: Strikes out swinging
|
|
Batting: LHB Ronal Reynoso
|
0-0: Called Strike 0-1: SINGLE (Groundball, 3D, EV 98.1 MPH)
|
|
Batting: SHB Jeremy Bowen
|
0-0: Ball 1-0: Ground out 4-3 (Groundball, 34, EV 82.5 MPH)
|
| Bottom of the 5th over - 0 runs, 1 hit, 0 errors, 1 left on base; Milwaukee 1 - Pittsburgh 0 |
| TOP OF THE 6TH |
|
Milwaukee Brewers batting - Pitching for Pittsburgh Pirates : LHP Ben Brown
|
|
Batting: RHB Christian Arroyo
|
0-0: Ball 1-0: Ball 2-0: Ground out 2-3 (Groundball, 13S, EV 67.5 MPH)
|
|
Batting: RHB Jorge Gutiérrez
|
0-0: Fly out, F7 (Flyball, 78S, EV 90.6 MPH)
|
|
Batting: RHB Steve Sanders
|
0-0: Fly out, F3 (Popup, 3F, EV 75.0 MPH)
|
| Top of the 6th over - 0 runs, 0 hits, 0 errors, 0 left on base; Milwaukee 1 - Pittsburgh 0 |
| BOTTOM OF THE 6TH |
|
Pittsburgh Pirates batting - Pitching for Milwaukee Brewers : RHP Jose Berrios
|
|
Batting: RHB Pat Miller
|
0-0: Fly out, F9 (Line Drive, 9, EV 92.5 MPH)
|
|
Batting: RHB Chris Riley
|
0-0: Foul Ball, location: 2F 0-1: Called Strike 0-2: Ball 1-2: Ground out 5-3 (Groundball, 15, EV 78.1 MPH)
|
|
Batting: RHB Mauro Rodríguez
|
0-0: Called Strike 0-1: Ball 1-1: Fly out, F8 (Flyball, 78S, EV 90.0 MPH)
|
| Bottom of the 6th over - 0 runs, 0 hits, 0 errors, 0 left on base; Milwaukee 1 - Pittsburgh 0 |
| TOP OF THE 7TH |
|
Milwaukee Brewers batting - Pitching for Pittsburgh Pirates : LHP Ben Brown
|
|
Batting: RHB Jim Smith
|
0-0: SINGLE (Line Drive, 6M, EV 98.1 MPH)
|
|
Batting: RHB Kevin Thompson
|
0-0: Foul Ball, location: 2F 0-1: Ball Wild Pitch! Jim Smith to second 1-1: Intentional Walk
|
|
Batting: LHB Billy Wood
|
0-0: Ball 1-0: Ball 2-0: Called Strike 2-1: SINGLE (Line Drive, 89M, EV 98.1 MPH) Jim Smith to third Kevin Thompson to second Runner from 3rd tries for Home, SAFE, throw by CF to home Kevin Thompson to third Billy Wood to second
|
|
Batting: RHB Dave Thomas
|
0-0: Ball 1-0: Ball 2-0: Swinging Strike 2-1: Swinging Strike 2-2: Ball 3-2: Strikes out swinging
|
|
Batting: RHB Tim Campbell
|
0-0: Intentional Walk
|
|
Batting: LHB Reese McGuire
|
0-0: Ball 1-0: Ball 2-0: Called Strike 2-1: Called Strike 2-2: Ball 3-2: Grounds into fielders choice 6-2 (Groundball, 6, EV 90.0 MPH) Billy Wood to third Tim Campbell to second
|
|
Batting: RHB Christian Arroyo
|
0-0: Ball 1-0: Ball 2-0: Called Strike 2-1: Ground out U3 (Groundball, 34, EV 108.8 MPH)
|
| Top of the 7th over - 1 run, 2 hits, 0 errors, 3 left on base; Milwaukee 2 - Pittsburgh 0 |
| BOTTOM OF THE 7TH |
|
Pittsburgh Pirates batting - Pitching for Milwaukee Brewers : RHP Jose Berrios
|
|
Batting: LHB Brad McBride
|
0-0: SINGLE (Groundball, P, EV 71.9 MPH)
|
|
Batting: RHB Yasiel Puig
|
0-0: Swinging Strike 0-1: Ball 1-1: DOUBLE (Line Drive, 89D, EV 101.3 MPH) Brad McBride to third
|
|
Batting: SHB Juan Reyes
|
0-0: Ball 1-0: Ball 2-0: Called Strike 2-1: Fly out, F8 (Flyball, 8RD, EV 110.6 MPH) Runner from 3rd tags up, SCORES, no throw by CF
|
|
Batting: SHB Blake Swihart
|
0-0: SINGLE (Groundball, 6M, EV 99.4 MPH) Yasiel Puig to third Runner from 3rd tries for Home, throw by CF and OUT! 8-3-2 Blake Swihart to second
|
|
Batting: LHB Ronal Reynoso
|
0-0: Ground out 6-3 (Groundball, 6, EV 86.3 MPH)
|
| Bottom of the 7th over - 1 run, 3 hits, 0 errors, 1 left on base; Milwaukee 2 - Pittsburgh 1 |
| TOP OF THE 8TH |
|
Milwaukee Brewers batting - Pitching for Pittsburgh Pirates : LHP Ben Brown
|
|
Pitching: RHP Jeff Gordon
|
|
|
Batting: RHB Jorge Gutiérrez
|
0-0: Swinging Strike 0-1: Called Strike 0-2: Strikes out looking
|
|
Batting: RHB Steve Sanders
|
0-0: Foul Ball, location: 9LDF 0-1: Swinging Strike 0-2: Foul Ball, location: 2F 0-2: Ball 1-2: Ball 2-2: Strikes out looking
|
|
Batting: RHB Jim Smith
|
0-0: Ball 1-0: SINGLE (Groundball, 6D, EV 110.0 MPH)
|
|
Batting: RHB Kevin Thompson
|
0-0: Ball 1-0: Called Strike Jim Smith is caught stealing 2nd base 2-4
|
| Top of the 8th over - 0 runs, 1 hit, 0 errors, 0 left on base; Milwaukee 2 - Pittsburgh 1 |
| BOTTOM OF THE 8TH |
|
Pittsburgh Pirates batting - Pitching for Milwaukee Brewers : RHP Jose Berrios
|
|
Batting: SHB Jeremy Bowen
|
0-0: Ball 1-0: Ball 2-0: Ball 3-0: Called Strike 3-1: Foul Ball, location: 2F 3-2: Ground out 4-3 (Groundball, 4M, EV 88.8 MPH)
|
|
Pitching: RHP Trevor Rosenthal
|
|
|
Batting: RHB Pat Miller
|
0-0: TRIPLE (Line Drive, 9D, EV 105.6 MPH)
|
|
Batting: RHB Chris Riley
|
0-0: Called Strike 0-1: Fly out, F9 (Line Drive, 9, EV 87.5 MPH) Runner from 3rd tags up, SCORES, no throw by RF
|
|
Batting: RHB Mauro Rodríguez
|
0-0: Called Strike 0-1: Ball 1-1: Foul Ball, location: 7LMF 1-2: Ground out 4-3 (Groundball, 4, EV 93.8 MPH)
|
| Bottom of the 8th over - 1 run, 1 hit, 0 errors, 0 left on base; Milwaukee 2 - Pittsburgh 2 |
| TOP OF THE 9TH |
|
Milwaukee Brewers batting - Pitching for Pittsburgh Pirates : RHP Jeff Gordon
|
|
Batting: RHB Kevin Thompson
|
0-0: Called Strike 0-1: Ball 1-1: Swinging Strike 1-2: Strikes out looking
|
|
Pitching: LHP Kelyn Jose
|
|
|
Pinch Hitting: RHB Gavin Cecchini
|
0-0: Ball 1-0: SINGLE (Line Drive, 6D, EV 103.8 MPH)
|
|
Batting: RHB Dave Thomas
|
0-0: Ball 1-0: Fly out, F1 (Line Drive, P, EV 76.3 MPH)
|
|
Batting: RHB Tim Campbell
|
0-0: Called Strike 0-1: Ball 1-1: Foul Ball, location: 5F 1-2: SINGLE (Line Drive, 4M, EV 107.5 MPH) Gavin Cecchini to second Runner from 2nd tries for 3rd, SAFE, throw by CF made to third
|
|
Pinch Hitting: RHB A.J. Jimenez
|
0-0: Foul Ball, location: 5FF 0-1: Foul Ball, location: 25F 0-2: Strikes out looking
|
| Top of the 9th over - 0 runs, 2 hits, 0 errors, 2 left on base; Milwaukee 2 - Pittsburgh 2 |
| BOTTOM OF THE 9TH |
|
Pittsburgh Pirates batting - Pitching for Milwaukee Brewers : RHP Trevor Rosenthal
|
|
Now at C: A.J. Jimenez
|
|
|
Now at 1B: Gavin Cecchini
|
|
|
Batting: LHB Brad McBride
|
0-0: Called Strike 0-1: SINGLE (Line Drive, 9LS, EV 90.6 MPH)
|
|
Batting: RHB Yasiel Puig
|
0-0: Foul Ball, location: 2F 0-1: Fielders Choice at 2nd, 5-4 (Groundball, 5L, EV 87.5 MPH)
|
|
Batting: SHB Juan Reyes
|
0-0: Called Strike 0-1: Ball 1-1: Foul Ball, location: 3FF 1-2: Ball 2-2: Foul Ball, location: 2F 2-2: SINGLE (Groundball, 6S, EV 73.1 MPH) (infield hit) Yasiel Puig to second
|
|
Batting: SHB Blake Swihart
|
0-0: Ball 1-0: Ball 2-0: Called Strike 2-1: SINGLE (Line Drive, 34D, EV 110.0 MPH) Yasiel Puig to third Juan Reyes to second Runner from 3rd tries for Home, SAFE, throw by RF to home
|
| Bottom of the 9th over - 1 run, 3 hits, 0 errors, 2 left on base; Milwaukee 2 - Pittsburgh 3 |
|